 Dungeon Crawl Stone Soup version 0.21.0-22-g11d5b5247c (webtiles) character file.

529 Smirk the Slinger (level 7, -3/67 HPs)
             Began as a Halfling Hunter on Jan 19, 2018.
             Slain by a yak (7 damage)
             ... on level 4 of the Dungeon.
             The game lasted 00:29:00 (2697 turns).

Smirk the Slinger (Halfling Hunter)                 Turns: 2697, Time: 00:29:01

Health: -3/67      AC: 23    Str: 18    XL:     7   Next: 48%
Magic:  7/7        EV:  3    Int:  9    God:
Gold:   211        SH:  0    Dex: 23    Spells: 6/6 levels left

rFire    . . .     SeeInvis .   a - +1 hunting sling
rCold    . . .     Gourm    +   (shield restricted)
rNeg     + + +     Faith    .   (armour currently unavailable)
rPois    +         Spirit   .   (helmet currently unavailable)
rElec    .         Reflect  .   (cloak currently unavailable)
rCorr    .         Harm     .   (gloves currently unavailable)
MR       .....     NoTele   +   (boots currently unavailable)
Stlth    +++.......             y - amulet of the gourmand
HPRegen  0.21/turn              D - +6 ring of dexterity
MPRegen  0.10/turn              (no ring)

@: mighty, tree-form
A: small, mutation resistance 1
a: no special abilities


You were on level 4 of the Dungeon.
You were not hungry.
You were a tree.
You visited 1 branch of the dungeon, and saw 5 of its levels.

You collected 211 gold pieces.

Inventory:

Hand Weapons
 a - a +1 hunting sling (weapon)
 b - a +0 short sword
 t - a +3 spear
Missiles
 d - 37 sling bullets (quivered)
 g - 124 stones
Armour
 c - a +0 leather armour (melded)
 p - a +0 pair of boots (melded)
 A - a +0 buckler
Jewellery
 y - an amulet of the gourmand (around neck)
 D - a +6 ring of dexterity (left branch)
Wands
 w - a wand of acid (9)
 x - a wand of iceblast (8)
Scrolls
 e - 4 scrolls of magic mapping
 h - a scroll of remove curse
 i - a scroll of blinking {unknown}
 k - a scroll of random uselessness {unknown}
 l - a scroll of teleportation {unknown}
 n - 2 scrolls of identify
 s - a scroll of noise {unknown}
 u - 2 scrolls of immolation {unknown}
 C - a scroll of enchant armour {unknown}
Potions
 j - a potion of ambrosia
 m - a potion of curing
 q - a potion of magic {unknown}
 v - a potion of degeneration {unknown}
 z - a potion of berserk rage {unknown}
 B - a potion of heal wounds {unknown}
Comestibles
 f - 3 rations


   Skills:
 - Level 2.1 Fighting
 + Level 8.2(8.6) Slings
 + Level 2.7(4.5) Throwing
 - Level 0.4 Armour
 + Level 4.0 Dodging
 * Level 5.0 Stealth


You had 6 spell levels left.
You didn't know any spells.

Dungeon Overview and Level Annotations

Branches:
Dungeon (5/15)
 Temple: D:4-7

Altars:

Shops:
D:4 *


Innate Abilities, Weirdness & Mutations

You are small and have problems with some larger weapons.
You are somewhat resistant to further mutation.


Message History

Really attack while wielding your +1 hunting sling? [Y]es or [N]o only, please.
Really attack while wielding your +1 hunting sling?
You clumsily bash the yak.
The yak is moderately wounded.
The yak gores you!
* * * LOW HITPOINT WARNING * * *
The yak completely misses you.
It was a potion of lignification.
You turn into a tree.
Your +0 pair of boots melds into your body.
Your +0 leather armour melds into your body.
Your roots penetrate the ground.
The yak gores you but does no damage.
You are too injured to fight recklessly!
You clumsily bash the yak but do no damage.
The yak is moderately wounded.
The yak gores you but does no damage.
You clumsily bash the yak.
The yak is moderately wounded.
The yak gores you!
You die...

######### #.......#
#.......# #.......#
########## #.......#
##......... #.......#
##.......... #.......#
#........... #......♣#
#........... #......Y#
#...........
#.......#####...........
#.......>...............
############.#..........
############..#.........
#.......#...#....#####..
#............###........
#.............##........


You could see a yak.

Vanquished Creatures
  Sigmund (D:3)
  A scorpion (D:4)
  3 orc priests
  A hound (D:3)
  A bullfrog skeleton (D:4)
  Jessica (D:3)
  A hound skeleton (D:4)
  4 adders
  2 oozes
  An adder skeleton (D:4)
  A worm (D:2)
  5 orcs
  9 bats
  12 giant cockroaches
  3 goblins
  11 hobgoblins
  3 jackals (D:1)
  2 quokkas
  A ball python (D:4)
  6 frilled lizards
  4 kobolds
  8 rats
81 creatures vanquished.

Notes
Turn   | Place    | Note
-------+----------+-------------------------------------------
     0 | D:1      | Smirk the Halfling Hunter began the quest for the Orb.
     0 | D:1      | Reached XP level 1. HP: 14/14 MP: 1/1
    74 | D:1      | Reached skill level 6 in Slings
    98 | D:1      | Reached XP level 2. HP: 14/19 MP: 2/2
   283 | D:1      | Reached XP level 3. HP: 24/24 MP: 3/3
   820 | D:1      | Reached skill level 7 in Slings
  1191 | D:2      | Reached XP level 4. HP: 27/29 MP: 4/4
  1632 | D:3      | Noticed Sigmund
  1658 | D:3      | Killed Sigmund
  1658 | D:3      | Reached skill level 1 in Throwing
  1658 | D:3      | Reached XP level 5. HP: 34/34 MP: 5/5
  1658 | D:3      | Reached XP level 6. HP: 39/39 MP: 6/6
  1713 | D:3      | Noticed Jessica
  1716 | D:3      | Killed Jessica
  2202 | D:4      | Reached XP level 7. HP: 36/45 MP: 7/7
  2328 | D:4      | Reached skill level 8 in Slings
  2462 | D:4      | Found Dar Petisoy's General Store.
  2629 | D:5      | Entered Level 5 of the Dungeon
  2648 | D:5      | Noticed a yak
  2648 | D:5      | Noticed a yak
  2648 | D:5      | Noticed a yak
  2650 | D:5      | Noticed a yak
  2652 | D:5      | Noticed a yak
  2654 | D:5      | Reached skill level 5 in Stealth
  2694 | D:4      | HP: 2/45 [yak (15)]
  2697 | D:4      | Slain by a yak

Skill      XL: |  1  2  3  4  5  6  7 |
---------------+----------------------+-----
Slings         | 6 7 8 |  8.2
Fighting       | 2 |  2.1
Throwing       | 1 2 |  2.7
Dodging        | 3 4 |  4.0
Stealth        | 3 4 5 |  5.0
Armour         | |  0.4

Action                   |  1- 3 |  4- 6 |  7- 9 || total
-------------------------+-------+-------+-------++-------
Melee: Hunting sling     |       |       |     3 ||     3
 Fire: Hunting sling     |   107 |    91 |    45 ||   243
  Use: Scroll            |     1 |     2 |     1 ||     4
       Potion            |       |       |     4 ||     4
  Eat: Ration            |       |     1 |     1 ||     2
Armor: Leather armour    |     6 |     1 |       ||     7
       Skin              |       |       |     2 ||     2
Dodge: Dodged            |    23 |    20 |     9 ||    52
